 Dungeon Crawl Stone Soup version 0.31-a0-889-g1a8549509d (webtiles) character file.

Game seed: 7182643073767799485

321 theanonym the Chopper (level 6, 0/78 HPs)
             Began as a Minotaur Fighter on Oct 16, 2023.
             Slain by a killer bee (1 damage)
             ... on level 4 of the Dungeon.
             The game lasted 00:05:47 (2722 turns).

theanonym the Chopper (Minotaur Fighter)            Turns: 2722, Time: 00:05:47

Health: 0/78       AC: 23    Str: 22 (23) XL:     6   Next: 22%
Magic:  5/5        EV:  2    Int:  2 (5)  God:
Gold:   12         SH:  0    Dex:  8 (9)  Spells: 5/5 levels left

rFire   . . .        a - +0 war axe
rCold   . . .        (no shield)
rNeg    . . .        p - melded +0 chain mail
rPois   +            j - melded +0 hat
rElec   .            o - melded +0 cloak
rCorr   .            (gloves currently unavailable)
SInv    .            (boots currently unavailable)
Will    +....        (no amulet)
Stlth   +            (no ring)
HPRegen 0.33/turn    (no ring)
MPRegen 0.09/turn

%: no passive effects
@: mighty, lethally poisoned (0 -> -3), tree-form, attractive, enlightened,
hasted, very quick
A: stationary, stasis, torment immunity, boosted hp, (horns 2), (retaliatory
headbutt)
a: no special abilities


Innate Abilities, Weirdness & Mutations

You are a tree.
Your roots penetrate the ground, keeping you stationary.
You cannot be teleported.
You are immune to unholy pain and torment.
Your maximum health is greatly increased.
Your equipment is partially melded.
((You have a pair of horns on your head.))
((You reflexively headbutt those who attack you in melee.))


   Skills:
 - Level 4.0 Fighting
 + Level 7.4 Axes
 - Level 4.0 Armour
 - Level 4.0 Shields


You had 5 spell levels left.
You didn't know any spells.
Your spell library contained the following spells:

 Spells                   Type           Power      Damage    Failure   Level
 Magic Dart               Conj           0%         1d3       54%         1
 Summon Small Mammal      Summ           0%         N/A       54%         1
 Searing Ray              Conj           0%         2d4       69%         2
 Call Canine Familiar     Summ           0%         N/A       89%         3
 Summon Guardian Golem    Hex/Summ       0%         N/A       89%         3
 Fulminant Prism          Conj/Hex       0%         3d5       100%        4

Skill      XL: |  1  2  3  4  5 |
---------------+----------------+-----
Fighting       | 4 |  4.0
Shields        | 4 |  4.0
Armour         | 4 |  4.0
Axes           | 3 4 5 7 |  7.4

Action                     |  1- 3 |  4- 6 || total
---------------------------+-------+-------++-------
  Melee: War axe           |    81 |    97 ||   178
         Headbutt          |    13 |    13 ||    26
         Punch             |       |     2 ||     2
    Use: Scroll            |       |     1 ||     1
         Potion            |       |     6 ||     6
 Armour: Scale mail        |    67 |    51 ||   118
         Chain mail        |       |    39 ||    39
         Skin              |       |    10 ||    10
  Dodge: Dodged            |    40 |    45 ||    85
  Block: Buckler           |    12 |       ||    12

Inventory:

Hand Weapons
 a - a +0 war axe (weapon)
Missiles
 c - a throwing net
Armour
 j - a +0 hat (melded)
 o - a +0 cloak (melded)
 p - a +0 chain mail (melded)
Scrolls
 d - a scroll of fog {unknown}
 f - a scroll of acquirement {unknown}
 l - 2 scrolls of identify {unknown}
 n - a scroll of enchant weapon {unknown}
Potions
 g - a potion of attraction
 h - a potion of haste
 k - 2 potions of enlightenment
 m - a potion of might


You were on level 4 of the Dungeon.
You were a tree.
You visited 1 branch of the dungeon, and saw 4 of its levels.

You collected 169 gold pieces.
You spent 157 gold pieces at shops.

Dungeon Overview and Level Annotations

Branches:
Dungeon (4/15)
 Temple: D:4-7

Altars:

Shops:
D:1 * D:2

[[[ ##### #...######
##...## ###...# ..
##.###.###.....# ##
#.#####.##.....##.
#.##...............
#.##.##.##.........#
##.#.#.###.....#...#
##...# ####..##.##
##♣## ..# )# #y# ..#
# #y# .. #y# ## #y#
#W#


.yy ### You could see a phantom and 6 killer bees.

Notes
Turn   | Place    | Note
-------+----------+-------------------------------------------
     0 | D:1      | theanonym the Minotaur Fighter began the quest for the Orb.
     0 | D:1      | Reached XP level 1. HP: 19/19 MP: 0/0
    23 | D:1      | Reached XP level 2. HP: 16/27 MP: 1/1
    24 | D:1      | HP: 13/27 [frozen (3)]
   191 | D:1      | Reached skill level 4 in Fighting
   191 | D:1      | Reached skill level 4 in Shields
   193 | D:1      | Reached skill level 4 in Armour
   261 | D:1      | Reached skill level 3 in Axes
   300 | D:1      | Reached XP level 3. HP: 29/33 MP: 2/2
   315 | D:1      | Found Genuer's General Store.
   928 | D:2      | Reached skill level 4 in Axes
   978 | D:2      | Found Yrhosaih's Antique Armour Boutique.
  1012 | D:2      | Found Yfueffil's Antique Armour Boutique.
  1072 | D:2      | Reached XP level 4. HP: 34/40 MP: 3/3
  1421 | D:2      | Noticed Terence
  1427 | D:2      | Killed Terence
  1428 | D:2      | Reached skill level 5 in Axes
  1428 | D:2      | Identified the +0 pair of gloves of the Apprentice {rN+++
                  | rCorr Str-5}
  1509 | D:2      | Found Ycoaz's Armour Emporium.
  1519 | D:2      | Bought a +0 hat for 40 gold pieces
  1870 | D:3      | Noticed Natasha
  1878 | D:3      | Killed Natasha
  1879 | D:3      | Reached XP level 5. HP: 33/46 MP: 4/4
  1953 | D:3      | Noticed Natasha
  2002 | D:3      | Reached skill level 6 in Axes
  2004 | D:3      | Killed Natasha
  2010 | D:3      | HP: 21/46 [gnoll/+0 club (3)]
  2204 | D:3      | Noticed Natasha
  2215 | D:3      | Killed Natasha
  2453 | D:3      | Found a faded altar of an unknown god.
  2510 | D:2      | Bought a chain mail for 117 gold pieces
  2611 | D:4      | Reached skill level 7 in Axes
  2611 | D:4      | Reached XP level 6. HP: 52/52 MP: 5/5
  2712 | D:4      | HP: 25/52 [killer bee (5)]
  2714 | D:4      | HP: 11/52 [killer bee (3)]
  2719 | D:4      | HP: 4/78 [poisoned by a killer bee]
  2722 | D:4      | HP: 1/78 [poisoned by a killer bee]
  2722 | D:4      | Slain by a killer bee

Vanquished Creatures
  A scorpion (D:4)
  Terence (D:2)
  Natasha (thrice) (D:3)
  4 gnolls
  4 adders
  7 dart slugs
  3 worms
  An orc (D:4)
  11 ball pythons
  4 endoplasms (D:1)
  3 giant cockroaches
  5 goblins
  4 hobgoblins
  4 jackals (D:4)
  4 quokkas
  2 bats
  3 frilled lizards
  5 kobolds
  6 rats
75 creatures vanquished.

Table legend: (Time is in decaauts)
 A = Elapsed time spent in this place.
 B = Non-inter-level travel time spent in this place.
 C = Inter-level travel time spent in this place.
 D = Time resting spent in this place.
 E = Time spent auto-exploring this place.
 F = Levels seen in this place.
 G = Mean time per level.
                   A        B        C        D        E       F      G
               +--------+--------+--------+--------+--------+-----+--------+
         Total |   2766 |   2555 |    211 |    268 |   1837 |   4 |  691.5 |
       Dungeon |   2766 |   2555 |    211 |    268 |   1837 |   4 |  691.5 |
               +--------+--------+--------+--------+--------+-----+--------+

Top non-repeatable levels by time:
     D:2: 1021 daAuts
     D:3: 810 daAuts
     D:1: 803 daAuts
     D:4: 131 daAuts
